Map: Ulrena

Players

LilDicky - Winner!

  • Race: Terran Terran
  • League: Diamond

Goveinator

  • Race: Terran Terran
  • League: Gold

VOD

http://www.twitch.tv/tumescentpie

Description

Time

  • Played on: Dec. 17, 2015, 7:49 p.m.
  • Length: 17:34
Show
View Real Time Build Order
Export as new Build Order

LilDicky Terran - Winner!

Build Orders: Reaper Expand 

Get SALT Encoding   

  12  0:04  SCV  
  13  0:16  SCV  
  14  0:24  Supply Depot  
  14  0:28  SCV  
  15  0:46  SCV  
  15  0:49  Barracks  
  16  0:51  Refinery  
  16  0:58  SCV  
  17  1:10  SCV  
  18  1:23  SCV  
  19  1:32  Command Center  
  19  1:36  Reaper  
  20  1:47  Orbital Command  
  20  1:57  Supply Depot  
  20  2:04  Refinery  
  20  2:16  Reaper  
  20  2:20  SCV  
  22  2:32  SCV  
  24  2:44  SCV  
  24  2:49  Marine  
  26  2:57  Orbital Command  
  24  3:05  Factory  
  24  3:09  Marine  
  25  3:15  SCV  
  25  3:17  Command Center  
  26  3:27  SCV  
  26  3:28  SCV  
  26  3:31  Marine  
  29  3:42  SCV  
  29  3:44  SCV  
  31  3:49  Marine  
  31  3:51  Factory Tech Lab  
  31  3:53  Starport  
  31  3:54  SCV  
  33  3:56  SCV  
  34  4:06  SCV  
  35  4:10  SCV  
  35  4:11  Marine  
  37  4:17  Engineering Bay  
  37  4:18  SCV  
  37  4:22  SCV  
  39  4:28  Marine  
  39  4:30  SCV  
  41  4:31  Refinery x2  
  41  4:33  Orbital Command  
  41  4:36  Refinery  
  41  4:37  SCV  
  42  4:41  Factory Tech Lab  
  42  4:43  Factory  
  42  4:45  Banshee  
  42  4:46  Cloaking Field  
  42  4:48  SCV  
  46  4:59  Marine  
  46  5:07  Sensor Tower  
  45  5:14  Siege Tank  
  45  5:17  Marine  
  39  5:35  Banshee  
  39  5:37  Factory Tech Lab  
  39  5:40  Orbital Command  
  30  5:57  Command Center  
  30  6:01  Cyclone x2  
  30  6:02  SCV x2  
  38  6:23  SCV  
  39  6:28  SCV x2  
  41  6:35  SCV  
  41  6:37  Marine  
  41  6:39  Command Center  
  43  6:40  SCV, Refinery  
  43  6:41  Refinery  
  44  6:55  Marine  
  41  7:02  SCV x2  
  41  7:03  SCV  
  39  7:14  SCV, Orbital Command  
  39  7:15  SCV x2  
  42  7:22  Sensor Tower  
  42  7:23  Siege Tank  
  42  7:24  Siege Tank  
  42  7:25  Banshee  
  42  7:27  SCV x3  
  54  7:39  SCV x4  
  58  7:51  SCV x2  
  54  8:05  SCV x3  
  57  8:13  SCV, Missile Turret, Banshee  
  57  8:14  Missile Turret  
  57  8:17  SCV  
  62  8:28  SCV x2, Siege Tank  
  62  8:29  Siege Tank  
  62  8:30  SCV x2  
  62  8:34  Orbital Command  
  72  8:40  SCV x2  
  74  8:46  SCV x2  
  76  8:52  SCV x2  
  76  8:55  Refinery x2  
  78  8:58  SCV x2  
  78  8:59  Refinery  
  80  9:04  SCV x2  
  82  9:10  Banshee, SCV  
  82  9:11  Siege Tank  
  82  9:16  SCV, Siege Tank  
  93  9:22  SCV  
  94  9:28  SCV  
  94  9:31  Missile Turret  
  92  9:34  SCV x4  
  92  9:35  Starport  
  92  9:36  Starport  
  92  9:37  Factory  
  96  9:46  SCV  
  97  9:55  Viking  
  97  9:58  SCV  
  100  10:10  SCV  
  101  10:18  Missile Turret  
  101  10:20  Factory Tech Lab  
  101  10:23  SCV  
  101  10:26  Factory Tech Lab  
  102  10:38  Missile Turret  
  102  10:40  Factory Tech Lab  
  102  10:42  Factory  
  102  10:43  Factory  
  102  10:44  Starport  
  102  10:51  Viking x2  
  102  10:52  SCV  
  107  11:00  Supply Depot x2  
  107  11:06  Supply Depot  
  107  11:07  Supply Depot  
  107  11:08  Supply Depot  
  107  11:16  Missile Turret  
  107  11:21  SCV x4  
  107  11:22  Hellion x2  
  107  11:23  Hellion  
  117  11:31  Command Center  
  108  11:43  Siege Tank  
  108  11:44  Siege Tank, Factory Reactor x2  
  108  11:46  Starport Reactor  
  108  11:47  Viking x3  
  108  11:49  Hellion  
  116  11:54  Armory  
  116  11:55  Armory  
  116  12:09  Missile Turret  
  116  12:11  Siege Tank  
  118  12:15  Siege Tank  
  118  12:16  Siege Tank  
  118  12:17  Viking  
  91  12:41  SCV  
  91  12:42  Hellion  
  91  12:43  Hellion x3, Siege Tank  
  99  12:48  Hellion x2  
  103  12:56  Planetary Fortress  
  103  13:03  Liberator x2  
  103  13:04  Hellion  
  105  13:11  Engineering Bay  
  105  13:13  Terran Vehicle And Ship Armor Level 1, Engineering Bay, Terran Vehicle Weapons Level 1  
  105  13:15  Hellion x6  
  105  13:17  Banshee  
  105  13:18  Banshee x2  
  130  13:25  Hellion  
  134  13:35  Orbital Command  
  134  13:36  Hellion x2  
  134  13:37  Hellion x3  
  135  14:15  Sensor Tower  
  135  14:28  Command Center  
  135  14:37  Widow Mine x2  
  135  14:38  Widow Mine x5  
  141  14:39  Command Center x2  
  141  14:40  Banshee x3  
  141  14:43  Command Center  
  158  14:46  Supply Depot  
  158  14:47  Supply Depot  
  158  14:48  Supply Depot  
  158  14:53  Command Center, Liberator  
  158  14:54  Liberator  
  158  14:56  Missile Turret  
  158  15:06  Liberator, Widow Mine x2  
  162  15:07  Terran Vehicle And Ship Armor Level 2, Terran Vehicle Weapons Level 2  
  168  15:19  Fusion Core  
  168  15:23  Banshee, Supply Depot  
  174  15:32  Building Armor, Hi-Sec Auto Tracking  
  168  16:54  Planetary Fortress  
  168  16:56  Planetary Fortress  
  168  17:00  Missile Turret x2  
  168  17:01  Missile Turret x2  
  168  17:02  Refinery  
  168  17:04  Refinery  
Show
View Real Time Build Order
Export as new Build Order

Goveinator Terran 

Build Orders: MMM Bio 

Get SALT Encoding   

  12  0:01  SCV  
  13  0:13  SCV  
  14  0:24  Supply Depot  
  14  0:29  SCV, Refinery  
  15  0:46  SCV  
  15  0:47  Barracks  
  16  0:57  Supply Depot  
  16  0:59  SCV  
  17  1:14  Barracks  
  17  1:18  SCV  
  18  1:35  Orbital Command  
  18  1:43  Refinery  
  18  1:44  Marine  
  19  2:01  Marine  
  20  2:11  SCV  
  20  2:20  Marine x2  
  22  2:23  Factory  
  22  2:26  SCV  
  23  2:55  SCV  
  24  2:59  Marine x2  
  26  3:08  Factory Tech Lab  
  26  3:09  SCV, Starport  
  27  3:21  SCV, Barracks Tech Lab  
  27  3:23  Barracks Reactor  
  28  3:31  Command Center  
  28  3:34  Engineering Bay  
  28  3:35  SCV  
  29  3:45  Supply Depot  
  29  3:48  Medivac  
  31  4:07  Supply Depot, Cyclone, Marine  
  35  4:13  Marine x2  
  37  4:18  Stimpack  
  37  4:29  Marine  
  37  4:31  Marine x2  
  40  4:38  Starport Reactor  
  40  4:43  Missile Turret  
  40  4:52  Siege Tank  
  40  5:24  Marine x3  
  37  6:09  Orbital Command  
  35  6:14  Marine x3  
  35  6:16  Missile Turret  
  38  6:30  Orbital Command  
  38  6:32  Marine x2  
  39  6:38  Marine  
  39  6:39  Siege Tank  
  44  6:40  Medivac x2  
  48  6:50  Marine x2  
  49  6:55  Marine  
  47  7:08  Marine x2  
  46  7:13  Marine  
  46  7:15  SCV x2  
  47  7:25  Marine  
  47  7:26  Marine  
  47  7:27  SCV  
  50  7:31  Marine  
  50  7:37  SCV  
  52  7:39  SCV  
  52  7:42  Terran Infantry Weapons Level 1  
  52  7:43  Barracks, Marine  
  52  7:44  Barracks, Marine  
  55  7:47  Missile Turret, Barracks  
  55  7:49  SCV, Marine  
  55  7:50  Missile Turret  
  47  8:01  Marine x2  
  47  8:03  SCV x2  
  51  8:06  Missile Turret  
  51  8:07  Marine  
  51  8:10  Missile Turret  
  52  8:13  Viking x2  
  52  8:19  Marine x2  
  55  8:24  Marine  
  54  8:30  SCV x2  
  56  8:34  Refinery  
  56  8:35  Refinery  
  56  8:37  Marine  
  56  8:38  Barracks Reactor x3  
  57  8:42  SCV  
  57  8:44  Engineering Bay  
  58  8:56  Marine x3  
  61  9:14  Marine  
  62  9:43  Command Center  
  62  9:45  Supply Depot  
  62  9:46  Supply Depot  
  62  9:51  Supply Depot  
  62  10:00  Missile Turret  
  62  10:06  Marine x6  
  62  10:07  Marine x3, Medivac  
  71  10:24  Marine x4  
  71  10:25  Terran Infantry Armor Level 1  
  73  10:30  Combat Shields  
  73  10:31  Armory  
  73  10:50  Marine x6  
  73  10:51  Marine x3  
  73  10:53  Medivac  
  84  11:07  Marine  
  84  11:08  Marine x2  
  87  11:12  Marine x4  
  87  11:13  Marine  
  89  11:47  Marine x4  
  89  11:48  Marine x5  
  89  11:49  Siege Tank  
  101  12:14  Marine  
  101  12:15  Marine  
  101  12:17  Medivac, Marine x3  
  75  12:33  Marine x3  
  75  12:34  Marine x2  
  75  12:35  Marine x2  
  74  12:41  Marine x2  
  65  12:44  Orbital Command  
  65  12:51  Marine x3  
  68  12:59  Marine  
  68  13:00  Marine x5  
  68  13:03  SCV x2  
  76  13:09  Marine  
  77  13:14  Marine x2  
  77  13:17  Marine x2  
  69  13:48  Marine x4  
  65  13:49  Marine x4  
  65  13:50  Siege Tank, Medivac x2  
  73  14:10  Marine x5  
  73  14:11  SCV x3  
  73  14:15  Marine  
  73  14:16  Marine  
  83  14:17  Command Center  
  83  14:18  Marine  
  83  14:19  Terran Infantry Weapons Level 2, Terran Infantry Armor Level 2  
  83  14:21  Terran Vehicle Weapons Level 1  
  83  14:22  Marauder  
  86  14:44  Marauder  
  86  14:45  Marine x6  
  92  14:48  Refinery  
  92  14:49  Refinery  
  92  14:52  Marine x2  
  96  14:56  Sensor Tower  
  96  15:02  Marine  
  96  15:03  Marine  
  96  15:05  Marauder  
  100  15:15  Marine  
  101  15:24  Supply Depot  
  101  15:26  Supply Depot  
  101  15:28  SCV, Marine x6  
  101  15:29  Marauder  
  110  15:50  Marauder  
  98  16:09  Marine x6  
  98  16:10  Marine x2  
  98  16:11  Marauder, Siege Tank, Medivac  
  110  16:12  Medivac  
  114  16:27  Marine x2  
  114  16:33  Marauder  
  114  16:36  Marine x4  
  114  16:37  Marine  
  115  16:54  Marauder  
Tags
 
Add a new tag
Caveats
  • Supply blocks, unpowered buildings, or Contaminate may cause inaccurate times.
  • Supply counts are checked every 10 seconds.